 Dungeon Crawl Stone Soup version 0.29-a0-872-g797fff5ad1 (webtiles) character file.

Game seed: 11537477203151148668

154 jimonade the Covert (level 5, -3/32 HPs)
             Began as a Kobold Brigand on July 19, 2022.
             Slain by Grinder (4 damage)
             ... on level 3 of the Dungeon.
             The game lasted 00:04:47 (2183 turns).

jimonade the Covert (Kobold Brigand)                Turns: 2183, Time: 00:04:48

Health: -3/32      AC:  7    Str:  8    XL:     5   Next: 62%
Magic:  0/14       EV: 14    Int: 12    God:
Gold:   104        SH:  0    Dex: 19    Spells: 4/4 levels left

rFire   . . .      SeeInvis .   m - +1 dagger (holy)
rCold   . . .      Faith    .   (no shield)
rNeg    . . .      Spirit   +   z - +1 animal skin
rPois   .          Reflect  .   j - +2 hat
rElec   .          Harm     .   c - +0 cloak
rCorr   .          Rampage  .   (no gloves)
Will    .....                   w - +0 pair of boots
Stlth   +++++.....              q - amulet of guardian spirit
HPRegen 0.10/turn               n - ring of flight
MPRegen 0.14/turn               o - ring of magical power

@: flying
A: small, no large weapons, nightstalker 3
a: no special abilities


You were on level 3 of the Dungeon.
You visited 1 branch of the dungeon, and saw 3 of its levels.

You collected 104 gold pieces.

Inventory:

Hand Weapons
 a - a +2 dagger
 b - a +0 sling
 k - a +0 spear of flaming
 m - a +1 dagger of holy wrath (weapon)
 u - a +1 dagger of venom
 B - a +0 spear
Missiles
 d - 9 poisoned darts (quivered)
 e - 3 curare-tipped darts
 f - 25 stones
 g - a throwing net
Armour
 c - a +0 cloak (worn)
 j - a +2 hat (worn)
 p - a +2 chain mail of willpower
 v - a +0 kite shield
 w - a +0 pair of boots (worn)
 x - a +0 robe
 z - a +1 animal skin (worn)
 A - a +0 helmet
Jewellery
 n - a ring of flight (left hand)
 o - a ring of magical power (right hand)
 q - an amulet of guardian spirit (around neck)
Scrolls
 h - 2 scrolls of fear {unknown}
 l - 2 scrolls of poison {unknown}
 s - 4 scrolls of identify {unknown}
 t - a scroll of magic mapping {unknown}
 y - a scroll of noise {unknown}
Potions
 i - a potion of heal wounds {unknown}
 r - 3 potions of curing {unknown}


   Skills:
 + Level 2.8 Fighting
 + Level 3.6 Short Blades
 - Level 2.1 Throwing
 + Level 1.8 Dodging
 * Level 8.1 Stealth


You had 4 spell levels left.
You didn't know any spells.
Your spell library contained the following spells:

 Spells                   Type           Power      Damage    Failure   Level
 Apportation              Tloc           0%         N/A       32%         1
 Scorch                   Fire           0%         2d5       45%         2
 Stone Arrow              Conj/Erth      0%         3d7       69%         3
 Animate Armour           Summ/Erth      0%         N/A       97%         4
 Flame Wave               Conj/Fire      0%         2d4       97%         4
 Alistair's Intoxication  Tmut/Pois      0%         N/A       100%        5
 Summon Cactus Giant      Summ           0%         N/A       100%        6
 Lehudib's Crystal Spear  Conj/Erth      0%         10d2      100%        8


Dungeon Overview and Level Annotations

Branches:
Dungeon (3/15)

Altars:
Qazlal

Shops:
D:2 =!

Annotations:
D:3 Grinder


Innate Abilities, Weirdness & Mutations

You are small and have problems with some larger weapons.
You are completely attuned to the shadows.


Message History

Grinder gestures at you. Pain shoots through your body!
* * * LOW HITPOINT WARNING * * *
You hit Grinder but do no damage.
Grinder is moderately wounded.
The rat closely misses you.
Grinder blinks!
You barely miss the rat.
The rat is severely wounded.
The rat bites you.
* * * LOW HITPOINT WARNING * * *
The rat bites you but does no damage. Grinder hits you but does no damage.
You barely miss Grinder.
Grinder is moderately wounded.
You hit Grinder but do no damage.
Grinder is moderately wounded.
The rat bites you but does no damage. Grinder hits you!
* * * LOW HITPOINT WARNING * * *
You writhe in agony.
* * * LOW HITPOINT WARNING * * *
You completely miss Grinder.
Grinder is moderately wounded.
Grinder completely misses you. The rat bites you.
You hit Grinder.
Grinder convulses.
Grinder is heavily wounded.
The rat bites you but does no damage. Grinder completely misses you.
You hit Grinder.
Grinder convulses.
Grinder is severely wounded.
The rat bites you.
* * * LOW HITPOINT WARNING * * *
Grinder barely misses you.
You hit Grinder.
Grinder convulses.
Grinder is almost dead.
You hit Grinder.
Grinder convulses.
Grinder is almost dead.
Grinder gestures at you. You resist with significant effort.
The rat closely misses you.
You hit Grinder but do no damage.
Grinder is almost dead.
The rat barely misses you. Grinder hits you.
You die...

......# . .
......# .
#......# ......#
. #..!...#
......# #
#......# ......#
#
.......#######.#
#.....# #.#
#.r...# #.#
#..@..# #.#
+..5..# #.#
#.....# #.#
#.....# #.#
####'#######.#
#...........#
#.......#####
#.......#
###.......#


You could see Grinder and a rat.

Vanquished Creatures
  Terence (D:2)
  Robin (D:3)
  4 adders
  2 dart slugs (D:2)
  An orc (D:3)
  4 bats
  4 endoplasms
  A giant cockroach (D:2)
  13 goblins
  7 hobgoblins
  5 jackals
  5 kobolds
  2 quokkas
  9 ball pythons
  3 frilled lizards
  6 rats
68 creatures vanquished.

Vanquished Creatures (others)
  A fungus (D:1)
  3 plants
4 creatures vanquished.

Grand Total: 72 creatures vanquished

Notes
Turn   | Place    | Note
-------+----------+-------------------------------------------
     0 | D:1      | jimonade the Kobold Brigand began the quest for the Orb.
     0 | D:1      | Reached XP level 1. HP: 12/12 MP: 1/1
    42 | D:1      | Found a faded altar of an unknown god.
   174 | D:1      | Reached XP level 2. HP: 18/18 MP: 2/2
   438 | D:1      | Reached skill level 6 in Stealth
   566 | D:1      | Reached XP level 3. HP: 22/22 MP: 3/3
   798 | D:2      | Noticed Terence
   802 | D:2      | Killed Terence
   803 | D:2      | Reached XP level 4. HP: 27/27 MP: 4/4
   811 | D:2      | Reached skill level 7 in Stealth
   922 | D:2      | Found Ticogiqi's One-of-a-Kind Rings.
   958 | D:2      | Found Luawk's Distillery.
  1801 | D:3      | Reached XP level 5. HP: 31/31 MP: 5/5
  1823 | D:3      | Found a stormy altar of Qazlal.
  1966 | D:3      | Noticed Robin
  1996 | D:3      | Killed Robin
  1997 | D:3      | Reached skill level 8 in Stealth
  2146 | D:3      | Noticed Grinder
  2156 | D:3      | Paralysed by Grinder for 5 turns
  2180 | D:3      | HP: 1/32 [rat (1)]
  2183 | D:3      | Slain by Grinder

Illustrated notes

Levels and vault maps discovered:
D:1:      dpeg_arrival_arbitrary_c, layout_rooms,
          dreamdust_ecumenical_altar_grove, serial_corexii_hall,
          corexii_hall_statues_s, corexii_hall_statues_l,
          chequers_serial_rivers_micro_e
D:2:      minmay_skewed_foursquare, layout_loops_ring, serial_shops, shop,
          nicolae_shop_unique_rings, uniq_terence
D:3:      layout_basic, nicolae_hepliaklqana_hazy_memory,
          mainiacjoe_overflow_chevrons, uniq_robin, uniq_grinder

Skill      XL: |  1  2  3  4  5 |
---------------+----------------+-----
Stealth        | 6 7 8 |  8.1
Short Blades   | 3 |  3.6
Fighting       | |  2.8
Throwing       | |  2.1
Dodging        | |  1.8

Action                   |  1- 3 |  4- 6 || total
-------------------------+-------+-------++-------
Melee: Dagger            |    35 |   134 ||   169
       Punch             |       |     2 ||     2
 Stab: Sleeping          |    12 |    15 ||    27
       Distracted        |     1 |       ||     1
Armor: Robe              |     8 |    21 ||    29
       Animal skin       |       |    18 ||    18
Dodge: Dodged            |    19 |    78 ||    97

Table legend: (Time is in decaauts)
 A = Elapsed time spent in this place.
 B = Non-inter-level travel time spent in this place.
 C = Inter-level travel time spent in this place.
 D = Time resting spent in this place.
 E = Time spent auto-exploring this place.
 F = Levels seen in this place.
 G = Mean time per level.
                   A        B        C        D        E       F      G
               +--------+--------+--------+--------+--------+-----+--------+
         Total |   2152 |   2141 |     11 |      0 |   1636 |   3 |  717.3 |
       Dungeon |   2152 |   2141 |     11 |      0 |   1636 |   3 |  717.3 |
               +--------+--------+--------+--------+--------+-----+--------+

Top non-repeatable levels by time:
     D:2: 1158 daAuts
     D:1: 611 daAuts
     D:3: 383 daAuts
